 Dungeon Crawl Stone Soup version 0.21.0-3-g78d12a8 (webtiles) character file.

273 tidbits the Sneak (level 6, -5/43 HPs)
             Began as an Octopode Wanderer on Jan 9, 2018.
             Slain by Grinder (6 damage)
             ... while paralysed by Grinder
             ... on level 4 of the Dungeon.
             The game lasted 00:11:36 (1471 turns).

tidbits the Sneak (Octopode Wanderer)               Turns: 1471, Time: 00:11:37

Health: -5/43      AC:  1    Str: 17    XL:     6   Next: 24%
Magic:  3/6        EV:  2    Int: 20    God:
Gold:   184        SH:  0    Dex: 14    Spells: 5/5 levels left

rFire    . . .     SeeInvis +   a - +0 short sword
rCold    + . .     Gourm    .   D - +0 shield
rNeg     . . .     Faith    .   (helmet restricted)
rPois    .         Spirit   .   (no amulet)
rElec    .         Reflect  .   K - ring of resist corrosion
rCorr    +         Harm     .   I - ring of see invisible
MR       .....                  (no ring)
Stlth    ++++......             (no ring)
HPRegen  0.14/turn              (no ring)
MPRegen  0.10/turn              (no ring)
                                (no ring)
                                (no ring)

@: paralysed, mighty, brilliant
A: almost no armour, stealthy swim, amphibious, 8 rings, constrict 8, camouflage
1, blurry vision 1, clever 1, cold resistance 1, gelatinous body 1, evolution 1,
MP-powered wands
a: no special abilities


You were on level 4 of the Dungeon.
You were hungry.

You visited 1 branch of the dungeon, and saw 5 of its levels.

You collected 184 gold pieces.

Inventory:

Hand Weapons
 a - a +0 short sword (weapon)
 d - a +0 dagger
 m - a +2 whip of venom
   (You found it on level 2 of the Dungeon)
 r - a +0 blowgun
 v - a cursed -1 spear
Missiles
 b - 3 javelins
 j - 51 stones (quivered)
 s - 18 poisoned needles
 t - 8 tomahawks of returning
Armour
 D - a +0 shield (worn)
Jewellery
 I - a ring of see invisible (right tentacle)
   (You found it on level 1 of the Dungeon)
 K - a ring of resist corrosion (left tentacle)
   (You found it on level 1 of the Dungeon)
Wands
 z - a wand of iceblast (3)
Scrolls
 c - 2 scrolls of teleportation
 h - 2 scrolls of amnesia {unknown}
 i - 2 scrolls of enchant armour {unknown}
 l - a scroll of immolation
 n - 3 scrolls of remove curse
 p - a scroll of blinking
 u - a scroll of fog {unknown}
 w - a scroll of enchant weapon {unknown}
 x - a scroll of fear
 y - a scroll of noise {unknown}
Potions
 e - 2 potions of brilliance
 g - a potion of degeneration {unknown}
 k - a potion of lignification {unknown}
Comestibles
 f - 11 rations


   Skills:
 - Level 4.0 Fighting
 - Level 2.7 Short Blades
   Level 1.0 Crossbows
 - Level 2.0 Dodging
 - Level 5.6 Stealth
 - Level 3.7 Shields
 - Level 0.6 Unarmed Combat
 + Level 0.0 Evocations


You had 5 spell levels left.
You didn't know any spells.

Dungeon Overview and Level Annotations

Branches:
Dungeon (5/15)
 Temple: D:4-7

Altars:
Nemelex Xobeh
Trog
Zin

Annotations:
D:4 Grinder
D:5 ScottishVillain's ghost, novice DsWn


Innate Abilities, Weirdness & Mutations

You cannot wear most types of armour.
You are very stealthy in the water. (Stealth+)
You are amphibious.
You can wear up to eight rings at the same time.
You can use your tentacles to constrict eight enemies at once.
Your skin changes colour to match your surroundings (Stealth+).
Your rubbery body absorbs attacks. (AC +1, EV +1)
Scrolls take you a little longer to read.
Your mind is acute. (Int +2)
Your flesh is cold resistant. (rC+)
You evolve.
You expend magic power (3 MP) to strengthen your wands.


Message History

You puncture the adder skeleton! You grab the adder skeleton.
You squeeze the adder skeleton.
You destroy the adder skeleton!
You feel sick.
You feel sick.
Okay, then.
Unknown command.
Found 16 stones.
You feel sick.
There is a stone staircase leading up here.
A quokka skeleton comes into view.
An adder comes into view.
You feel sick.
You are no longer poisoned.
Found a stone staircase leading down.
Unknown command.
Really read with blurry vision while enemies are nearby?
Okay, then.
There is a stone staircase leading up here.
There is a stone staircase leading up here.
You climb upwards.
There is a stone staircase leading down here.
Unknown command.
f - 11 rations (gained 1)
An iguana comes into view.
Blork the orc comes into view.
He is wielding a war axe.
Found 23 arrows.
The helpless iguana fails to defend itself.
You puncture the iguana! You grab the iguana.
The iguana is severely wounded.
You constrict the iguana.
Blork the orc shouts!
The iguana bites you!
Okay, then.
Evoke which item? (* to show all) (? for menu, Esc to quit)
Aiming: Iceblast
Press: ? - help, Shift-Dir - straight line The mass of ice explodes!
The iceblast engulfs the iguana.
You kill the iguana!
The iceblast engulfs Blork the orc.
Blork the orc is heavily wounded.
Unknown command.
Unknown command.
Evoke which item? (* to show all) (? for menu, Esc to quit)
You don't have enough magic at the moment.
Unknown command.
You feel better.
Blork the orc gestures at you while chanting.
You block the puff of flame.
You feel very mighty all of a sudden. Blork the orc hits you with a war axe.
You hit Blork the orc. You grab Blork the orc.
Blork the orc is heavily wounded.
You constrict Blork the orc.
Grinder opens the door.
Blork the orc casts a spell at you. The magic dart hits you!
You puncture Blork the orc!
You kill Blork the orc!
You have reached level 6!
Your experience leads to an increase in your attributes!
Your base attributes are Str 12, Int 13, Dex 13.
Increase (S)trength, (I)ntelligence, or (D)exterity?
You feel agile.
Unknown command.
Okay, then.
Evoke which item? (* to show all) (? for menu, Esc to quit)
Okay, then.
Unknown command.
You don't know any spells.
Quiver which item? (- for none, * to show all) (? for menu, Esc to quit)
Quivering
j - 51 stones for throwing.
You puncture Grinder! Your grab misses Grinder.
Grinder is moderately wounded.
Grinder barely misses you.
You hit Grinder. Your grab misses Grinder.
Grinder is heavily wounded.
Grinder says, "Just stop there for a second..."
Grinder hits you!
* * * LOW HITPOINT WARNING * * *
You writhe in agony.
* * * LOW HITPOINT WARNING * * *
It was a potion of brilliance.
You feel clever all of a sudden. You block Grinder's attack.
You don't know any spells.
Okay, then.
You hit Grinder but do no damage. Your grab misses Grinder.
Grinder is heavily wounded.
You block Grinder's attack.
You closely miss Grinder. You grab Grinder.
Grinder is heavily wounded.
You constrict Grinder. Grinder hits you!
* * * LOW HITPOINT WARNING * * *
You feel better.
You constrict Grinder. Grinder gestures at you.
You suddenly lose the ability to move!
You lose your grip on Grinder.
Grinder hits you!
* * * LOW HITPOINT WARNING * * *
You writhe in agony.
You die...

#...............#
#......
######...#..........#
#...⌠.⌠.
....##..##..##..##..#
#...._..
.....#...[..##..# ..#
#...⌠.⌠#
.....#..........# ..#
#......#
.....#..##..##..#
#####' #a.##...
....>#..######..#
.'..
.....#...#..##..##.(#
..####'###......@5..#
..####..##..........#
............##..##.##
........##+###### .#
........##..# .
....†........ .+
..#.......... #
###..<..##... #
#.##### ..#


You could see Grinder.

Vanquished Creatures
  Blork the orc (D:4)
  A howler monkey (D:4)
  2 iguanas (D:4)
  3 adders
  4 oozes
  An adder skeleton (D:5)
  A worm (D:3)
  3 dart slugs (D:1)
  5 leopard geckos
  4 bats
  2 giant cockroaches
  4 goblins
  6 hobgoblins
  7 jackals
  3 quokkas (D:2)
  2 ball pythons
  3 frilled lizards
  3 kobolds
  8 rats
63 creatures vanquished.

Notes
Turn   | Place    | Note
-------+----------+-------------------------------------------
     0 | D:1      | tidbits the Octopode Wanderer began the quest for the Orb.
     0 | D:1      | tidbits set off with: a +0 shield, a +0 short sword, a scroll of teleportation, a +0 dagger, a ration
     0 | D:1      | Reached XP level 1. HP: 17/17 MP: 1/1
    26 | D:1      | Reached skill level 3 in Stealth
    53 | D:1      | Reached XP level 2. HP: 16/22 MP: 2/2
    72 | D:1      | Reached skill level 2 in Shields
   133 | D:1      | Reached XP level 3. HP: 22/27 MP: 3/3
   484 | D:2      | Reached skill level 4 in Stealth
   492 | D:2      | Reached XP level 4. HP: 28/33 MP: 4/4
   617 | D:2      | Reached skill level 1 in Short Blades
   704 | D:2      | Gained mutation: You evolve. [potion of mutation]
   704 | D:2      | Gained mutation: Your flesh is cold resistant. (rC+) [potion of mutation]
   704 | D:2      | Gained mutation: You expend magic power (3 MP) to strengthen your wands. [potion of mutation]
   704 | D:2      | Gained mutation: Your mind is acute. (Int +2) [potion of mutation]
   724 | D:2      | Found a glowing silver altar of Zin.
   725 | D:2      | Found a bloodstained altar of Trog.
  1065 | D:3      | Gained mutation: Scrolls take you a little longer to read. [evolution]
  1213 | D:4      | Reached skill level 3 in Shields
  1213 | D:4      | Reached XP level 5. HP: 22/37 MP: 5/5
  1244 | D:5      | Entered Level 5 of the Dungeon
  1244 | D:5      | Noticed ScottishVillain's ghost (novice DsWn)
  1260 | D:4      | Noticed a phantom
  1297 | D:4      | Found a sparkling altar of Nemelex Xobeh.
  1319 | D:4      | Reached skill level 2 in Short Blades
  1319 | D:4      | Reached skill level 5 in Stealth
  1367 | D:5      | Noticed an ogre
  1454 | D:4      | Noticed Blork the orc
  1460 | D:4      | Noticed Grinder
  1460 | D:4      | Killed Blork the orc
  1460 | D:4      | Reached XP level 6. HP: 22/43 MP: 2/6
  1469 | D:4      | HP: 3/43 [Grinder (8)]
  1470 | D:4      | Paralysed by Grinder for 4 turns
  1471 | D:4      | HP: 1/43 [Grinder (7)]
  1471 | D:4      | Slain by Grinder

Skill      XL: |  1  2  3  4  5 |
---------------+----------------+-----
Stealth        | 3 4 5 |  5.6
Shields        | 2 3 |  3.7
Short Blades   | 1 2 |  2.7
Fighting       | |  4.0
Crossbows      | |  1.0
Dodging        | |  2.0
Unarmed Combat | |  0.6

Action                   |  1- 3 |  4- 6 || total
-------------------------+-------+-------++-------
Melee: Short sword       |    68 |    76 ||   144
       Constrict         |    19 |    22 ||    41
       Tentacles         |     9 |    11 ||    20
Evoke: Wand              |       |     1 ||     1
  Use: Scroll            |       |     7 ||     7
       Potion            |       |     5 ||     5
 Stab: Sleeping          |     8 |     5 ||    13
  Eat: Chunk             |       |     1 ||     1
Armor: Skin              |     8 |     3 ||    11
Dodge: Dodged            |    23 |    22 ||    45
Block: Shield            |    28 |    31 ||    59

Table legend:
 A = Turns spent in this place as a percentage of turns spent in the entire game.
 B = Non-inter-level travel turns spent in this place as a percentage of non-inter-level travel turns spent in the entire game.
 C = Inter-level travel turns spent in this place as a percentage of turns spent in this place.
 D = Turns resting spent in this place as a percentage of non-inter-level travel turns spent in this place.
 E = Turns spent auto-exploring this place as a percentage of non-inter-level travel turns spent in this place.
 F = Non-inter-level travel turns spent in this place divided by the number of levels of this place that you've seen.
                   A       B       C       D       E      F
               +-------+-------+-------+-------+-------+----------------------
         Total | 100.0 | 100.0 |   7.8 |   0.0 |   0.0 | 271.2
       Dungeon | 100.0 | 100.0 |   7.8 |   0.0 |   0.0 | 271.2
               +-------+-------+-------+-------+-------+----------------------

Table legend:
 A = Kills in this place as a percentage of kills in entire the game.
 B = Kills by you in this place as a percentage of kills by you in the entire game.
 C = Kills by friends in this place as a percentage of kills by friends in the entire game.
 D = Other kills in this place as a percentage of other kills in the entire game.
 E = Experience gained in this place as a percentage of experience gained in the entire game.
 F = Experience gained in this place divided by the number of levels of this place that you have seen.
                   A       B       C       D       E      F
               +-------+-------+-------+-------+-------+----------------------
         Total | 100.0 | 100.0 |   N/A |   N/A | 100.0 |  78.2
       Dungeon | 100.0 | 100.0 |   N/A |   N/A | 100.0 |  78.2
               +-------+-------+-------+-------+-------+----------------------

Vault maps used:
D:1:      tarquinn_simple_flora_water_c
D:2:      gammafunk_temple_overflow_statue
D:3:      first_ration, kennysheep_generic_room_7
D:4:      nemelex_xobeh_ov_fountains_minmay, minmay_temple_entry_statues,
          serial_shops, shop, kennysheep_donut, minivault_19, uniq_grinder,
          uniq_pikel, uniq_blork_the_orc
D:5:      chequers_temple_overflow_minitemple, serial_shops,
          nicolae_shop_behind_doors, basic_altar
